 Dungeon Crawl Stone Soup version 0.28.0 (webtiles) character file.

Game seed: 11093023791602394734

302 browni3141 the Chopper (level 6, -5/79 HPs)
             Began as a Minotaur Berserker on Feb 16, 2022.
             Was a Priest of Trog.
             Slain by an ogre (19 damage)
             ... on level 4 of the Dungeon.
             The game lasted 00:01:54 (3340 turns).

browni3141 the Chopper (Minotaur Berserker)         Turns: 3340, Time: 00:01:54

Health: -5/79      AC:  6    Str: 23    XL:     6   Next: 14%
Magic:  5/5        EV: 10    Int: 10    God:    Trog [***...]
Gold:   121        SH:  0    Dex: 10    Spells: 5/5 levels left

rFire   . . .      SeeInvis .   a - +0 hand axe
rCold   . . .      Faith    .   (no shield)
rNeg    . . .      Spirit   .   g - +0 scale mail
rPois   .          Reflect  .   h - +0 hat {Will+}
rElec   .          Harm     .   (no cloak)
rCorr   .          Rampage  .   (no gloves)
Will    +....                   (no boots)
Stlth   ..........              (no amulet)
HPRegen 0.23/turn               l - +6 ring of intelligence
MPRegen 0.09/turn               (no ring)

@: berserking, very quick
A: horns 2, retaliatory headbutt
a: Renounce Religion, Berserk, Trog's Hand


You were on level 4 of the Dungeon.
You worshipped Trog.
Trog was most pleased with you.
You visited 1 branch of the dungeon, and saw 4 of its levels.

You collected 121 gold pieces.

Inventory:

Hand Weapons
 a - a +0 hand axe (weapon)
Armour
 b - a +0 animal skin
 g - a +0 scale mail (worn)
 h - a +0 hat of willpower (worn)
 k - a +0 tower shield of protection
Jewellery
 l - a +6 ring of intelligence (left hand)
Wands
 r - a wand of polymorph (6)
 s - a wand of mindburst (5)
Scrolls
 d - 2 scrolls of enchant armour {unknown}
 f - a scroll of fog {unknown}
 o - a scroll of fear {unknown}
 q - a scroll of blinking {unknown}
Potions
 c - 2 potions of heal wounds {unknown}
 e - a potion of flight {unknown}
 i - a potion of brilliance {unknown}
 j - 2 potions of berserk rage {unknown}
 m - a potion of might {unknown}
 n - a potion of curing {unknown}
 p - a potion of magic {unknown}
 t - a potion of lignification {unknown}


   Skills:
 - Level 4.4 Fighting
 * Level 6.1 Axes
 - Level 3.4 Armour
 - Level 2.1 Dodging
 * Level 4.0 Shields


You had 5 spell levels left.
You didn't know any spells.
Your spell library was empty.

Dungeon Overview and Level Annotations

Branches:
Dungeon (4/15)
 Temple: D:4-7

Altars:
Dithmenos
Kikubaaqudgha
The Shining One

Shops:
D:1 [   D:2 [


Innate Abilities, Weirdness & Mutations

You have a pair of horns on your head.
You reflexively headbutt those who attack you in melee.


Message History

No target in view!
HP restored.
Things that are here:
a +0 dagger; a +0 ring mail; an orc skeleton
Things that are here:
a +0 short sword; a +0 hand axe; an orc skeleton No target in view!
No target in view!
Things that are here:
a +0 club; an orc skeleton Key pressed, stopping explore.
No target in view!
Key pressed, stopping explore.
No target in view!
Key pressed, stopping explore.
No target in view!
Key pressed, stopping explore.
No target in view!
No target in view!
An ogre comes into view. It is wielding a +0 giant club.
Found a scroll labelled SADGHEL KIOCKOT.
The ogre shouts!
Found a shiny ring mail.
An ogre is nearby!
An ogre is nearby!
The ogre hits you with a +0 giant club!!
An ogre is nearby!
You slash the ogre!
The ogre is moderately wounded.
The ogre hits you with a +0 giant club!!
* * * LOW HITPOINT WARNING * * *
You are too injured to fight recklessly!
An ogre is nearby!
An ogre is nearby!
You are too injured to fight recklessly!
Unknown command.
A red film seems to cover your vision as you go berserk!
You feel yourself moving faster!
You feel mighty!
The ogre hits you with a +0 giant club!!
You die...

...... # ####...... #
###......... #
#....?...... #
#........... #
#.........## #
#...O....... #
#...@.......
#############..........#
......(................#
.......................#
...............###......
..............## #.#[#..
..........#...###..### #
...##.#..####......# #
....###..#####..#..##..


You could see an ogre.

Vanquished Creatures
  2 hounds (D:4)
  An orc priest (D:4)
  Ijyb (D:4)
  2 orc wizards
  3 adders
  A shadow imp (D:3)
  An ufetubus (D:4)
  A worm (D:4)
  A dart slug (D:1)
  9 orcs
  4 ball pythons
  13 endoplasms
  A giant cockroach (D:1)
  5 goblins
  9 hobgoblins
  14 kobolds
  2 quokkas (D:1)
  6 bats
  2 frilled lizards
  4 rats
82 creatures vanquished.

Notes
Turn   | Place    | Note
-------+----------+-------------------------------------------
     0 | D:1      | browni3141 the Minotaur Berserker began the quest for the
                  | Orb.
     0 | D:1      | Reached XP level 1. HP: 19/19 MP: 0/0
   146 | D:1      | Reached XP level 2. HP: 26/27 MP: 1/1
   208 | D:1      | Found Vusino's Antique Armour Boutique.
   218 | D:1      | Reached skill level 4 in Axes
   536 | D:1      | Reached XP level 3. HP: 25/33 MP: 2/2
   618 | D:1      | Reached ** piety under Trog
  1357 | D:2      | Found Peloga's Antique Armour Shoppe.
  1638 | D:3      | Found a faded altar of an unknown god.
  1679 | D:3      | Reached XP level 4. HP: 34/41 MP: 3/3
  1800 | D:3      | Reached skill level 1 in Shields
  2145 | D:3      | Reached skill level 5 in Axes
  2228 | D:3      | Found a shadowy altar of Dithmenos.
  2279 | D:3      | Reached *** piety under Trog
  2412 | D:3      | Found an ancient bone altar of Kikubaaqudgha.
  2412 | D:3      | Found a glowing golden altar of the Shining One.
  2752 | D:4      | Reached XP level 5. HP: 47/47 MP: 4/4
  2765 | D:4      | Noticed Ijyb
  2774 | D:4      | Killed Ijyb
  3103 | D:4      | Reached skill level 6 in Axes
  3103 | D:4      | Reached XP level 6. HP: 9/53 MP: 5/5
  3340 | D:4      | Slain by an ogre

Illustrated notes

Levels and vault maps discovered:
D:1:      minmay_arrival_semitransparent, layout_basic, serial_shops,
          nicolae_shop_temple_entry_statues_fountains, minmay_distorted
D:2:      layout_basic, serial_shops, nicolae_diamond_shop
D:3:      minmay_general_purpose_star, layout_basic,
          mainiacjoe_overflow_24_doors, gammafunk_temple_overflow_pools,
          chequers_ecumenical_altar_island, solitary_fountain,
          kennysheep_crisscross, kennysheep_decorative_pillar,
          minmay_crystal_water, minmay_misc_feat_plants
D:4:      layout_cave_pools, minmay_temple_entry_poolview, uniq_ijyb

Skill      XL: |  1  2  3  4  5  6 |
---------------+-------------------+-----
Axes           | 4 5 6 |  6.1
Fighting       | 4 |  4.4
Armour         | 3 |  3.4
Shields        | 2 3 4 |  4.0
Dodging        | |  2.1

Action                   |  1- 3 |  4- 6 || total
-------------------------+-------+-------++-------
Melee: Hand axe          |    90 |    82 ||   172
       Headbutt          |    14 |     9 ||    23
       Unarmed           |       |     4 ||     4
Invok: Berserk           |       |     2 ||     2
       Trog's Hand       |       |     1 ||     1
Armor: Animal skin       |     8 |       ||     8
       Scale mail        |    18 |    37 ||    55
Dodge: Dodged            |    52 |    54 ||   106
